 Dungeon Crawl Stone Soup version 0.22-a0-855-g415d086bb8 (webtiles) character file.

752 Htamos the Poker (level 7, -2/70 HPs)
             Began as an Ogre Monk on July 27, 2018.
             Slain by a water moccasin (10 damage)
             ... on level 5 of the Dungeon.
             The game lasted 00:13:28 (6379 turns).

Htamos the Poker (Ogre Monk)                        Turns: 6379, Time: 00:13:29

Health: -2/70      AC:  5    Str: 16      XL:     7   Next: 78%
Magic:  7/7        EV: 12    Int: 11      God:
Gold:   162        SH:  0    Dex: 12 (13) Spells: 6/6 levels left

rFire    + . .     SeeInvis .   h - +0 halberd
rCold    + . .     Gourm    .   (shield currently unavailable)
rNeg     . . .     Faith    .   b - +0 robe
rPois    .         Spirit   .   (helmet restricted)
rElec    .         Reflect  .   j - +1 cloak
rCorr    .         Harm     .   (gloves unavailable)
MR       .....                  (boots unavailable)
Stlth    ++........             e - amulet of rage
HPRegen  0.21/turn              g - ring of protection from fire
MPRegen  0.10/turn              t - ring of protection from cold

@: lethally poisoned (-2 -> -12)
A: large, unfitting armour, tough skin 1
a: Evoke Berserk Rage


You were on level 5 of the Dungeon.
You were not hungry.

You visited 1 branch of the dungeon, and saw 5 of its levels.

You collected 162 gold pieces.

Inventory:

Hand Weapons
 a - a +1 spear
 d - a +2 dagger of flaming
 h - a +0 halberd (weapon)
 q - a +2 short sword of holy wrath
 x - a +2 quarterstaff of crushing
 y - a +0 spear
Missiles
 o - 5 exploding tomahawks (quivered)
Armour
 b - a +0 robe (worn)
 j - a +1 cloak (worn)
Jewellery
 e - an amulet of rage (around neck)
 g - a ring of protection from fire (left hand)
 n - an uncursed ring of magical power
 r - an uncursed amulet of guardian spirit
 t - a ring of protection from cold (right hand)
 u - an uncursed ring of stealth
Scrolls
 p - a scroll of enchant weapon
 s - 3 scrolls of remove curse
 A - a scroll of identify
Potions
 k - 2 potions of brilliance
 l - a potion of degeneration
Comestibles
 c - 8 rations


   Skills:
 - Level 4.0 Fighting
 * Level 7.5 Polearms
 + Level 5.1 Dodging
 - Level 1.4 Stealth


You had 6 spell levels left.
You didn't know any spells.
Your spell library was empty.

Dungeon Overview and Level Annotations

Branches:
Dungeon (5/15)
 Temple: D:4-7

Altars:
Dithmenos
Fedhas
Ru
Trog
Uskayaw

Annotations:
D:3 Grinder


Innate Abilities, Weirdness & Mutations

You are too large for most types of armour.
You have tough skin. (AC +1)


Message History

The howler monkey hoots and howls with incredible vigour!
You hear an angry hiss.
The howler monkey hoots and howls with incredible vigour!
You open the door.
The water moccasin hisses angrily.
The orc barely misses you.
There is an open door here.
The water moccasin bites you.
* * * LOW HITPOINT WARNING * * *
You miss the water moccasin. The water moccasin closely misses you.
The orc barely misses you.
You completely miss the water moccasin. The water moccasin barely misses you.
The orc hits you but does no damage. The water moccasin bites you.
* * * LOW HITPOINT WARNING * * *
You are lethally poisoned!
The water moccasin poisons you!
You hit the water moccasin but do no damage.
* * * LOW HITPOINT WARNING * * *
You feel sick. The water moccasin bites you!
You die...

..#.......#
#.#.......#
#.#.>.....#
#.#.......#
#.........#
##))......#
#..)5h...# #####
#.##o##### #...#
#.##@# #...# #.[#S#
#..)# ##.#.#
######## #...# #.#.#
#..<.... #§§.#
#.#.#### #.#####.
#.§§# #.#....#
####.#..... #..§#
#.#....# #....#.####
#...#
#......###.####.#...
+..§# ##.........#
#.#.##


You could see a water moccasin, a howler monkey, a shadow imp and an orc.

Vanquished Creatures
  Eustachio (D:5)
  An ogre (D:5)
  A water moccasin skeleton (D:4)
  2 orc priests (D:4)
  3 orc wizards
  An iguana (D:4)
  3 worker ants
  6 gnolls
  9 adders
  An ooze (D:3)
  A dart slug (D:1)
  3 worms (D:4)
  4 leopard geckos
  16 orcs
  3 bats
  A giant cockroach (D:1)
  7 goblins
  8 hobgoblins
  4 jackals (D:1)
  3 quokkas
  2 frilled lizards (D:3)
  5 kobolds
  5 rats
90 creatures vanquished.

Notes
Turn   | Place    | Note
-------+----------+-------------------------------------------
     0 | D:1      | Htamos the Ogre Monk began the quest for the Orb.
     0 | D:1      | Reached XP level 1. HP: 24/24 MP: 1/1
   298 | D:1      | Reached XP level 2. HP: 22/32 MP: 2/2
  1330 | D:2      | Reached XP level 3. HP: 34/39 MP: 3/3
  1399 | D:2      | Noticed a dagger
  1400 | D:2      | Noticed a hand axe
  1401 | D:2      | Found a hide-covered altar of Uskayaw.
  1556 | D:2      | Reached skill level 4 in Polearms
  1608 | D:2      | Found a sacrificial altar of Ru.
  1764 | D:2      | Found a shadowy altar of Dithmenos.
  1949 | D:2      | Reached XP level 4. HP: 48/48 MP: 4/4
  2442 | D:3      | Noticed Grinder
  3229 | D:2      | Reached XP level 5. HP: 44/54 MP: 5/5
  3293 | D:3      | Reached skill level 5 in Polearms
  3973 | D:4      | Reached XP level 6. HP: 51/62 MP: 6/6
  4239 | D:4      | Reached skill level 6 in Polearms
  4816 | D:4      | Found a blossoming altar of Fedhas.
  5110 | D:4      | Noticed a moth of wrath
  5113 | D:4      | Found a bloodstained altar of Trog.
  5291 | D:4      | Reached XP level 7. HP: 61/70 MP: 7/7
  5666 | D:5      | Entered Level 5 of the Dungeon
  5894 | D:5      | Reached skill level 7 in Polearms
  6319 | D:5      | Noticed Eustachio
  6348 | D:5      | Killed Eustachio
  6348 | D:5      | Reached skill level 5 in Dodging
  6379 | D:5      | Slain by a water moccasin

Vault maps used:
D:1:      dpeg_arrival_refuge
D:2:      dancing_weapons_uskayaw, lemuel_coloured_pillars_altar,
          nicolae_ru_sacrificial_ziggurat
D:3:      first_ration, serial_glass, glass_columns_b, glass_columns_a,
          glass_columns_a, glass_columns_a, uniq_grinder
D:4:      tgw_trog, fedhas_altar_3
D:5:      uniq_eustachio

Skill      XL: |  1  2  3  4  5  6  7 |
---------------+----------------------+-----
Dodging        | 3 4 5 |  5.1
Polearms       | 4 5 6 7 |  7.5
Fighting       | |  4.0
Stealth        | |  1.4

Action                   |  1- 3 |  4- 6 |  7- 9 || total
-------------------------+-------+-------+-------++-------
Melee: Spear             |    59 |    66 |       ||   125
       Dagger            |    39 |    65 |       ||   104
       Halberd           |       |   102 |    62 ||   164
 Abil: Evoke Berserk Rag |       |     2 |       ||     2
  Use: Scroll            |       |     9 |     2 ||    11
       Potion            |       |     4 |     3 ||     7
 Stab: Sleeping          |     3 |     2 |       ||     5
  Eat: Chunk             |     3 |     6 |     3 ||    12
       Ration            |       |     2 |       ||     2
Armor: Robe              |    10 |    72 |    48 ||   130
Dodge: Dodged            |    50 |   173 |    74 ||   297

Table legend:
 A = Spawn XP
 B = Non-spawn XP
 C = Spawn XP percentage of total XP
 D = Spawn monster count
 E = Non-spawn monster count
 F = Spawn count percentage of total count
 G = Total turns spent on level
                    A         B        C        D         E        F      G
               +---------+---------+-------+---------+---------+-------+---------
         Total |       0 |    1075 |   0.0 |       0 |      90 |   0.0 |  6379
               +---------+---------+-------+---------+---------+-------+---------
           D:1 |       0 |      30 |   0.0 |       0 |      15 |   0.0 |  1323
           D:2 |       0 |     108 |   0.0 |       0 |      19 |   0.0 |  1891
           D:3 |       0 |     174 |   0.0 |       0 |      22 |   0.0 |   711
           D:4 |       0 |     359 |   0.0 |       0 |      26 |   0.0 |  1741
           D:5 |       0 |     404 |   0.0 |       0 |       8 |   0.0 |   713
               +---------+---------+-------+---------+---------+-------+---------
